 Dungeon Crawl Stone Soup version 0.27-a0-984-g00e00afbbc (webtiles) character file.

Game seed: 15202582427483283451

48 Morbidden the Skirmisher (level 3, 0/43 HPs)
             Began as a Demonspawn Fighter on Apr 15, 2021.
             Succumbed to an adder's poison
             ... on level 2 of the Dungeon.
             The game lasted 00:02:25 (2291 turns).

Morbidden the Skirmisher (Demonspawn Fighter)       Turns: 2291, Time: 00:02:26

Health: 0/43       AC:  6    Str: 16    XL:     3   Next: 50%
Magic:  3/3        EV:  7    Int: 10    God:
Gold:   78         SH:  8    Dex: 12    Spells: 2/2 levels left

rFire    . . .     SeeInvis .   a - +0 long sword
rCold    . . .     Faith    .   c - +0 kite shield
rNeg     . . .     Spirit   .   b - +0 scale mail
rPois    .         Reflect  .   (no helmet)
rElec    .         Harm     .   (no cloak)
rCorr    .         Rampage  .   (no gloves)
Will     .....                  (no boots)
Stlth    ..........             (no amulet)
HPRegen  0.14/turn              (no ring)
MPRegen  0.08/turn              (no ring)

@: berserking, lethally poisoned (0 -> -3), attractive, very quick
A: hooves 1, powered by pain 1
a: no special abilities


You were on level 2 of the Dungeon.
You visited 1 branch of the dungeon, and saw 2 of its levels.

You collected 78 gold pieces.

Inventory:

Hand Weapons
 a - a +0 long sword (weapon)
Missiles
 l - 9 poisoned darts (quivered)
Armour
 b - a +0 scale mail (worn)
 c - a +0 kite shield (worn)
Scrolls
 e - a scroll of fear {unknown}
 g - 2 scrolls of magic mapping {unknown}
 i - 3 scrolls of identify {unknown}
 j - a scroll of fog {unknown}
 k - 2 scrolls of amnesia {unknown}
Potions
 d - a potion of might
 m - a potion of lignification {unknown}


   Skills:
 * Level 3.4 Fighting
 * Level 2.5 Long Blades
 + Level 0.2 Throwing
 + Level 3.0 Armour
 + Level 0.2 Dodging
 + Level 2.9 Shields


You had 2 spell levels left.
You didn't know any spells.
Your spell library contained the following spells:

 Spells                   Type           Power      Damage    Failure   Level
 Animate Skeleton         Necr           0%         N/A       100%        1
 Pain                     Necr           0%         1d4       100%        1
 Vampiric Draining        Necr           0%         2d6       100%        3
 Animate Dead             Necr           0%         N/A       100%        4
 Agony                    Necr           0%         N/A       100%        5


Dungeon Overview and Level Annotations

Branches:
Dungeon (2/15)

Altars:


Innate Abilities, Weirdness & Mutations

You have large cloven feet.
You sometimes gain a little power by taking damage.


Message History

You are too injured to fight recklessly!
Unknown command.
You are too injured to fight recklessly!
Unknown command.
You are too injured to fight recklessly!
You are too injured to fight recklessly!
Unknown command.
You closely miss the adder.
The adder is heavily wounded.
You feel sick. You block the adder's attack.
The adder bites you but does no damage.
You closely miss the adder.
The adder is heavily wounded.
You feel sick.
You are no longer poisoned.
You block the adder's attack. The adder bites you.
* * * LOW HITPOINT WARNING * * *
You are lethally poisoned!
The adder poisons you!
Unknown command.
Unknown command.
Unknown command.
Unknown command.
It was a potion of attraction.
You feel attractive to monsters.
* * * LOW HITPOINT WARNING * * *
You feel sick. The adder bites you but does no damage.
Unknown command.
It was a potion of berserk rage.
A red film seems to cover your vision as you go berserk!
You feel yourself moving faster!
You feel mighty!
* * * LOW HITPOINT WARNING * * *
You feel sick. You block the adder's attack. The adder bites you.
* * * LOW HITPOINT WARNING * * *
Unknown command.
You are too berserk!
Unknown command.
You barely miss the adder. Your kick misses the adder.
The adder is heavily wounded.
You die...

####.#.......###.#####..#.#
#.# #.#...........# #..#.##
#.#
#.###.....#########..#..#
#.# .#
#..#.............##.# #.#
######..######........##.#
#.# #...##...#
##.#########.# #.##
#........# #..# #.# #...
#...##...####'#### #.# ###.
##.###.####.†.@..# #.# #.
#.# #.# #...S.)...# #.# #.
#.# #.##...........# #.# #.
#.# #.##........$...# #.#
#. #.#
#.##....#####...###.# #.
#.# #..#...♣ ....#..# #.
#.# ####... ...#### #. #.#
#... .. #. #.# #.


You could see an adder.

Vanquished Creatures
  An adder (D:2)
  A worm (D:2)
  A dart slug (D:2)
  2 ball pythons
  2 endoplasms
  A giant cockroach (D:1)
  3 goblins (D:1)
  2 hobgoblins
  4 jackals (D:2)
  7 kobolds
  A quokka (D:1)
  3 bats
  A frilled lizard (D:2)
  4 rats
33 creatures vanquished.

Vanquished Creatures (others)
  2 fungi (D:2)
  3 plants (D:2)
5 creatures vanquished.

Grand Total: 38 creatures vanquished

Notes
Turn   | Place    | Note
-------+----------+-------------------------------------------
     0 | D:1      | Morbidden the Demonspawn Fighter began the quest for the
                  | Orb.
     0 | D:1      | Reached XP level 1. HP: 18/18 MP: 1/1
   540 | D:1      | Gained mutation: You have large cloven feet. [demonic
                  | ancestry]
   540 | D:1      | Reached XP level 2. HP: 20/24 MP: 2/2
  1939 | D:2      | Gained mutation: You sometimes gain a little power by
                  | taking damage. [demonic ancestry]
  1939 | D:2      | Reached XP level 3. HP: 29/29 MP: 3/3
  2290 | D:2      | HP: 1/43 [adder (3)]
  2291 | D:2      | Succumbed to an adder's poison

Illustrated notes

Levels and vault maps discovered:
D:1:      lemuel_arrival_funnel, layout_loops_corners, minmay_door_square,
          chequers_serial_rivers_micro_b, st_stairs_6, hangedman_feature_mirror,
          minmay_liquid_box
D:2:      layout_loops_ring, shapermc_ecumenical_altar_mp_ritualfount,
          kennysheep_potato

Skill      XL: |  1  2 |
---------------+-------+-----
Long Blades    | 2 |  2.5
Armour         | 3 |  3.0
Fighting       | |  3.4
Throwing       | |  0.2
Dodging        | |  0.2
Shields        | |  2.9

Action                   || total
-------------------------++-------
Melee: Long sword        ||   132
       Kick              ||    16
Throw: Dart              ||    10
  Use: Potion            ||     2
Armor: Scale mail        ||    69
Dodge: Dodged            ||    31
Block: Kite shield       ||    75
       Rpst.: Long sword ||     9

Table legend: (Time is in decaauts)
 A = Elapsed time spent in this place.
 B = Non-inter-level travel time spent in this place.
 C = Inter-level travel time spent in this place.
 D = Time resting spent in this place.
 E = Time spent auto-exploring this place.
 F = Levels seen in this place.
 G = Mean time per level.
                   A        B        C        D        E       F      G
               +--------+--------+--------+--------+--------+-----+--------+
         Total |   2364 |   2307 |     57 |     80 |   1809 |   2 | 1182.0 |
       Dungeon |   2364 |   2307 |     57 |     80 |   1809 |   2 | 1182.0 |
               +--------+--------+--------+--------+--------+-----+--------+

Top non-repeatable levels by time:
     D:1: 1392 daAuts
     D:2: 971 daAuts
